AoeStats
← Kubajs

MegaRandom

504782677Analyzed
2v2 RM · 26d ago on Sep 6, 2026· 41m 4s· 4 players
Game mode
Random Map
Map size
Medium (4 player)
Population
200
Speed
Normal
Resources
Standard
Victory
Conquest
Starting age
Dark Age
Ending age
Imperial Age
RankedLock teamsTeams togetherTeam positionsShared explorationLock speedFull tech treeHidden civsTurbo modeCheats
Victory
Defeat
🇫🇷 Japanese · France
859
+12
🇬🇧 Turks · United Kingdom
626
+21
🇨🇿 Franks · Czechia
823
-53
🇨🇿 Burgundians · Czechia
697
-32
Fukuhera Hirotoshi
7:28 Loom
13:55 Feudal Age
18:03 Castle Age
18:26 Double-Bit Axe
18:34 Horse Collar
21:24 Heavy Plow
21:44 Bow Saw
26:16 Forging
29:42 Ballistics
29:18 Murder Holes
31:33 Bloodlines
36:54 Imperial Age
34:35 Padded Archer Armor
36:15 Husbandry
38:25 Wheelbarrow
37:43 Heated Shot
38:33 Iron Casting
37:59 Scale Mail Armor
38:05 Scale Barding Armor
40:50 Hand Cart
SHADOWFUX
14:38 Feudal Age
12:54 Loom
16:41 Wheelbarrow
15:48 Horse Collar
15:57 Double-Bit Axe
16:01 Arson
16:58 Fishing Lines
17:32 Stone Mining
17:39 Man-at-Arms
19:32 Gold Mining
22:29 Castle Age
22:40 Scale Mail Armor
23:28 Forging
23:09 Gambesons
23:50 Gillnets
24:18 Squires
24:32 Long Swordsman
26:16 Bow Saw
26:19 Heavy Plow
30:22 Iron Casting
30:03 Chain Mail Armor
31:33 Pikeman
37:34 Imperial Age
35:20 Hand Cart
34:50 Town Watch
39:31 Two-Man Saw
38:10 Halberdier
39:54 Gold Shaft Mining
38:53 Capped Ram
41:12 Plate Mail Armor
42:34 Blast Furnace
Kubajs
10:23 Feudal Age
10:22 Loom
10:53 Double-Bit Axe
12:59 Wheelbarrow
12:12 Town Watch
20:07 Castle Age
21:07 Bow Saw
22:00 Stone Mining
22:44 Gold Mining
24:34 Gold Shaft Mining
25:39 Hand Cart
27:26 Town Patrol
28:17 Husbandry
35:49 #83
39:01 Scale Barding Armor
39:06 Forging
Mxtzy
12:36 Feudal Age
11:08 Horse Collar
11:28 Double-Bit Axe
20:17 Castle Age
19:27 Bow Saw
26:22 Pikeman
26:31 Crossbowman
33:55 Cavalier
Connection lost

Rejoining the realm…

Still unreachable

The connection could not be restored.

Session expired

The server has moved on; the page needs a fresh start.